 Dungeon Crawl Stone Soup version 0.30.0-29-ga12c61a403 (webtiles) character file.

Game seed: 9308427846912832715

1542 Graphine the Nimble (level 8, -7/64 HPs)
             Began as a Merfolk Brigand on June 22, 2023.
             Was a Believer of Dithmenos.
             Killed from afar by an electric eel (10 damage)
             ... with a bolt of electricity
             ... on level 7 of the Dungeon.
             The game lasted 00:12:17 (4500 turns).

Graphine the Nimble (Merfolk Brigand)               Turns: 4500, Time: 00:12:21

Health: -7/64      AC:  5    Str: 12    XL:     8   Next: 87%
Magic:  11/11      EV: 18    Int: 10    God:    Dithmenos [**....]
Gold:   234        SH:  0    Dex: 17    Spells: 7/7 levels left

rFire   . . .        a - +4 dagger (spect)
rCold   . . .        (no shield)
rNeg    + . .        b - +0 robe
rPois   .            (no helmet)
rElec   .            c - +0 cloak
rCorr   .            m - +1 pair of gloves "Botudaoc" {Stlth+}
SInv    .            (no boots)
Will    .....        y - amulet of regeneration
Stlth   ++++++       n - ring of positive energy
HPRegen 1.10/turn    (no ring)
MPRegen 0.12/turn

%: no passive effects
@: wreathed by umbra, studying Dodging
A: (nimble swimmer 2), mertail
a: Renounce Religion, Shadow Step


You were on level 7 of the Dungeon.
You worshipped Dithmenos.
Dithmenos was pleased with you.
You visited 1 branch of the dungeon, and saw 7 of its levels.

You collected 247 gold pieces.
You spent 13 gold pieces at shops.

Inventory:

Hand Weapons
 a - a +4 spectral dagger (weapon)
 r - a +1 dagger of holy wrath
Missiles
 d - 8 poisoned darts (quivered)
 e - a curare-tipped dart
Armour
 b - a +0 robe (worn)
 c - a +0 cloak (worn)
 m - the +1 pair of gloves "Botudaoc" (worn) {Stlth+}
   (You acquired it on level 4 of the Dungeon)

   Stlth:     It makes you more stealthy.
Jewellery
 n - a ring of positive energy (left hand)
 y - an amulet of regeneration (around neck)
Wands
 f - a wand of light (8)
Scrolls
 j - 2 scrolls of teleportation
 o - a scroll of magic mapping
 s - a scroll of amnesia
 z - a scroll of poison
 A - a scroll of brand weapon
Potions
 h - 3 potions of degeneration
 i - a potion of cancellation
 k - a potion of might
 l - 2 potions of resistance
 p - a potion of haste
 q - a potion of mutation
 t - a potion of invisibility
 u - a potion of berserk rage {unknown}
 w - a potion of flight {unknown}
 x - 2 potions of attraction {unknown}


   Skills:
 + Level 5.6 Fighting
 - Level 4.1 Short Blades
 - Level 3.3 Throwing
 * Level 10.5 Dodging
 + Level 7.3 Stealth
 + Level 4.1 Invocations


You had 7 spell levels left.
You didn't know any spells.
Your spell library contained the following spells:

 Spells                   Type           Power      Damage    Failure   Level
 Gell's Gravitas          Tloc           0%         N/A       75%         3
 Teleport Other           Tloc           0%         N/A       75%         3
 Dispersal                Tloc           0%         N/A       100%        6
 Simulacrum               Ice/Necr       0%         N/A       100%        6
 Ozocubu's Refrigeration  Ice            0%         4d7       100%        7
 Polar Vortex             Ice            0%         N/A       100%        9


Dungeon Overview and Level Annotations

Branches:
Dungeon (7/15)
 Temple: D:4-7

Altars:
Ashenzari
Cheibriados
Dithmenos
Nemelex Xobeh
Xom
Yredelemnul
Zin

Shops:
D:2 !   D:5 =


Innate Abilities, Weirdness & Mutations

((You are very nimble when in or above water. (Stealth+, EV+, Speed+++)))
Your lower body shifts to a powerful aquatic tail in water.


Message History

The ufetubus hits you. The ufetubus closely misses you.
You are too injured to fight recklessly!
You are too injured to fight recklessly!
You miss the orc wizard.
The orc wizard is almost dead.
Your +4 spectral dagger hits the orc wizard.
You kill the orc wizard!
Dithmenos accepts your kill. The ufetubus completely misses you.
The ufetubus hits you. The orc barely misses you. The orc misses you.
You barely miss the orc.
Your +4 spectral dagger hits the orc.
A nearby plant withers and dies.
The ufetubus hits you but does no damage.
The ufetubus misses you. The orc closely misses you. The orc misses you.
The ufetubus barely misses you. The ufetubus closely misses you.
The orc attacks as you move away! The orc hits you with a +0 morningstar!
* * * LOW HITPOINT WARNING * * *
Your +4 spectral dagger disappears.
The electric eel shoots out a bolt of lightning at you!
The bolt of electricity hits the orc!
The orc dies!
The bolt of electricity hits you!
* * * LOW HITPOINT WARNING * * *
The bolt of electricity hits you.
* * * LOW HITPOINT WARNING * * *
The ufetubus misses you. The ufetubus closely misses you.
You feel better. The ufetubus misses you. The ufetubus completely misses you.
The orc hits you from afar with a +0 trident.
* * * LOW HITPOINT WARNING * * *
The electric eel shoots out a bolt of lightning at you!
The bolt of electricity misses you. x2
Okay, then.
Okay, then.
You feel better. The ufetubus completely misses you. The ufetubus misses you.
The orc closely misses you.
The electric eel shoots out a bolt of lightning at you!
The bolt of electricity hits you!
* * * LOW HITPOINT WARNING * * *
The bolt of electricity hits you!
You die...

#####.....#
#...>....##
#........#
#....##+## ≈
♣###....# ≈≈
♣....#.##
≈≈~ ♣....#.#
≈≈~~
♣...>..#
~PP~♣###@###
P♣~~♣S..)5#
~~~~~...o.#
~~P~P...).#
~~~♣♣.....#
~P ♣~....##
♣.....#
♣.....#
......#


You could see an electric eel, an orc and an ufetubus.

Vanquished Creatures
  Eustachio (D:5)
  2 water moccasins (D:6)
  2 black bears (D:5)
  An ice beast (D:6)
  3 scorpions
  A howler monkey (D:5)
  An orc priest (D:6)
  A gnoll bouda (D:6)
  5 hounds
  Jessica (D:2)
  A sleepcap (D:5)
  3 orc wizards
  8 gnolls
  16 adders
  A shadow imp (D:6)
  A white imp (D:5)
  2 ufetubi
  5 worms
  3 dart slugs
  16 orcs
  7 endoplasms
  4 giant cockroaches
  7 goblins
  4 hobgoblins
  4 jackals (D:1)
  3 quokkas
  5 ball pythons
  5 bats
  6 frilled lizards
  8 kobolds
  6 rats
133 creatures vanquished.

Vanquished Creatures (others)
  An orc (D:7)
1 creature vanquished.

Grand Total: 134 creatures vanquished

Notes
Turn   | Place    | Note
-------+----------+-------------------------------------------
     0 | D:1      | Graphine the Merfolk Brigand began the quest for the Orb.
     0 | D:1      | Reached XP level 1. HP: 16/16 MP: 1/1
    68 | D:1      | Reached XP level 2. HP: 23/23 MP: 2/2
   341 | D:1      | Reached skill level 2 in Dodging
   356 | D:1      | Found a faded altar of an unknown god.
   411 | D:1      | Reached XP level 3. HP: 22/28 MP: 3/3
   749 | D:2      | Found Osoraypo's Distillery.
   763 | D:2      | Bought a potion of degeneration for 13 gold pieces
  1124 | D:2      | Reached XP level 4. HP: 34/34 MP: 4/4
  1193 | D:2      | Noticed Jessica
  1198 | D:2      | Killed Jessica
  1199 | D:2      | Reached skill level 5 in Stealth
  1393 | D:2      | You fall into a shaft and drop 1 floor!
  1415 | D:3      | Found a shadowy altar of Dithmenos.
  1444 | D:3      | Reached skill level 3 in Dodging
  1444 | D:3      | Reached XP level 5. HP: 31/41 MP: 5/5
  1452 | D:3      | Became a worshipper of Dithmenos the Shadowed
  1496 | D:3      | Found a snail-covered altar of Cheibriados.
  1974 | D:3      | Reached XP level 6. HP: 47/47 MP: 6/6
  1988 | D:3      | Reached * piety under Dithmenos
  2024 | D:3      | Reached skill level 1 in Invocations
  2453 | D:3      | Identified a scroll of acquirement
  2453 | D:3      | Acquired a manual of Dodging
  2653 | D:4      | Found a basalt altar of Yredelemnul.
  2748 | D:4      | Reached skill level 4 in Dodging
  2965 | D:4      | Acquired the +1 pair of gloves "Botudaoc" {Stlth+}
  2979 | D:5      | Entered Level 5 of the Dungeon
  3028 | D:5      | Reached XP level 7. HP: 22/54 MP: 6/8
  3141 | D:5      | Reached skill level 5 in Dodging
  3451 | D:5      | Noticed Eustachio
  3461 | D:5      | Killed Eustachio
  3462 | D:5      | Reached skill level 6 in Dodging
  3526 | D:5      | Found Xaff's Jewellery Boutique.
  3548 | D:5      | Found a glowing silver altar of Zin.
  3549 | D:5      | Found a broken altar of Ashenzari.
  3551 | D:5      | Found a sparkling altar of Nemelex Xobeh.
  3557 | D:5      | Reached ** piety under Dithmenos
  3567 | D:5      | Reached skill level 7 in Dodging
  3625 | D:5      | Reached XP level 8. HP: 45/61 MP: 8/10
  3657 | D:5      | Reached skill level 8 in Dodging
  3746 | D:6      | Reached skill level 5 in Fighting
  3882 | D:6      | Reached skill level 9 in Dodging
  3924 | D:6      | Found a shimmering altar of Xom.
  4167 | D:6      | Reached skill level 10 in Dodging
  4498 | D:7      | HP: 2/64 [electric eel/bolt of electricity (5)]
  4500 | D:7      | Killed from afar by an electric eel

Illustrated notes

Levels and vault maps discovered:
D:1:      dpeg_arrival_windows_large_door, layout_loops_ring,
          shapermc_ecumenical_altar_gd
D:2:      layout_loops_ring, serial_shops, shop_fountains, uniq_jessica
D:3:      layout_basic, mainiacjoe_overflow_six_doors_small, slow_altar_1,
          serial_glass, glass_columns_a, glass_columns_a, glass_columns_b,
          glass_columns_c, minmay_snake_closets
D:4:      layout_basic, mainiacjoe_overflow_catwalk, roderic_serpentine_path
D:5:      layout_gridville, chequers_temple_overflow_statue_of_worship,
          serial_shops, nicolae_shop_hallway_plus, uniq_eustachio
D:6:      layout_loops_ring, kennysheep_mini
D:7:      layout_basic, lemuel_crystal_altar, temple_hall, serial_bayou_lake_a

Skill      XL: |  1  2  3  4  5  6  7  8 |
---------------+-------------------------+-----
Dodging        | 2 3 4 7 10 | 10.5
Short Blades   | 3 4 |  4.1
Fighting       | 3 4 5 |  5.6
Stealth        | 5 6 7 |  7.3
Throwing       | 3 |  3.3
Invocations    | 1 2 4 |  4.1

Action                     |  1- 3 |  4- 6 |  7- 9 || total
---------------------------+-------+-------+-------++-------
  Melee: Dagger            |    86 |   183 |   170 ||   439
         Punch             |     1 |     1 |     3 ||     5
  Throw: Dart              |    19 |    30 |     3 ||    52
    Use: Scroll            |     5 |     9 |     6 ||    20
         Potion            |     1 |       |     2 ||     3
   Stab: Sleeping          |     9 |    14 |    12 ||    35
         Distracted        |       |     1 |     3 ||     4
 Armour: Robe              |    16 |    31 |    20 ||    67
  Dodge: Dodged            |    52 |    97 |   181 ||   330
